 Dungeon Crawl Stone Soup version 0.30-a0-782-ge64f9170bb (webtiles) character file.

Game seed: 23598559583048059

7988 HoaS the Marksdemigod (level 10, -2/73 HPs)
             Began as a Demigod Hunter on Mar 2, 2023.
             Slain by a water moccasin (5 damage)
             ... on level 8 of the Dungeon.
             The game lasted 00:17:31 (8983 turns).

HoaS the Marksdemigod (Demigod Hunter)              Turns: 8983, Time: 00:17:32

Health: -2/73      AC:  8    Str: 18    XL:     10   Next: 74%
Magic:  0/13       EV: 13    Int: 11    God:
Gold:   2359       SH:  0    Dex: 29    Spells: 9/9 levels left

rFire   . . .      SeeInvis .    f - +0 arbalest (heavy)
rCold   . . .      Faith    .    (shield currently unavailable)
rNeg    . . .      Spirit   +    B - +0 steam dragon scales
rPois   .          Reflect  .    (no helmet)
rElec   .          Harm     .    g - +2 cloak
rCorr   .          Rampage  .    (no gloves)
Will    ++...                    (no boots)
Stlth   ++                       u - amulet of guardian spirit
HPRegen 0.32/turn                l - ring of willpower
MPRegen 0.13/turn                s - +6 ring of strength

@: no status effects
A: high MP 1, forlorn, divine attributes
a: no special abilities


You were on level 8 of the Dungeon.
You visited 3 branches of the dungeon, and saw 12 of its levels.

You collected 2359 gold pieces.

Inventory:

Hand Weapons
 f - a +0 heavy arbalest (weapon)
Armour
 g - a +2 cloak (worn)
 B - +0 steam dragon scales (worn)
Jewellery
 l - a ring of willpower (left hand)
 s - a +6 ring of strength (right hand)
 u - an amulet of guardian spirit (around neck)
Wands
 j - a wand of digging (7)
 m - a wand of flame (8)
 t - a wand of mindburst (10)
 v - a wand of acid (14)
Scrolls
 b - 3 scrolls of immolation
 h - 7 scrolls of teleportation
 q - a scroll of brand weapon
 r - a scroll of fog
 w - a scroll of vulnerability
 y - a scroll of blinking
Potions
 a - 2 potions of invisibility {unknown}
 c - 2 potions of haste
 d - 2 potions of attraction
 e - a potion of degeneration {unknown}
 i - a potion of curing
 k - 3 potions of lignification
 o - a potion of cancellation {unknown}
 p - 2 potions of brilliance {unknown}
 x - a potion of mutation {unknown}
 z - a potion of berserk rage {unknown}


   Skills:
 - Level 1.7 Fighting
 + Level 15.8 Ranged Weapons
 - Level 1.7 Dodging
 - Level 0.8 Stealth


You had 9 spell levels left.
You didn't know any spells.
Your spell library contained the following spells:

 Spells                   Type           Power      Damage    Failure   Level
 Beastly Appendage        Tmut           0%         N/A       34%         1
 Sandblast                Erth           0%         2d4       34%         1
 Passwall                 Tmut/Erth      0%         N/A       47%         2
 Wereblood                Tmut           0%         N/A       47%         2
 Spider Form              Tmut/Pois      0%         N/A       71%         3
 Stone Arrow              Conj/Erth      0%         3d7       71%         3
 Alistair's Intoxication  Tmut/Pois      0%         N/A       100%        5
 Borgnjor's Vile Clutch   Necr/Erth      0%         N/A       100%        5
 Eringya's Noxious Bog    Tmut/Pois      0%         N/A       100%        6


Dungeon Overview and Level Annotations

Branches:
Dungeon (9/15)             Temple (0/1) D:5            Lair (1/5) D:8
    Orc (2/2) D:9
    Elf: Orc:2

Shops:
D:4 (   Orc:2 [

Portals:
Abyss: D:3


Innate Abilities, Weirdness & Mutations

You have an increased reservoir of magic. (+10% MP)
You shall have no god before yourself.
Your divine heritage dramatically boosts your attributes as you level up.


Message History

You shoot a bolt.
The bolt closely misses the water moccasin.
The bolt hits the plant!!!
The plant is heavily damaged.
* * * LOW HITPOINT WARNING * * *
You feel very sick.
A nearby plant withers and dies.
The water moccasin bites you.
* * * LOW HITPOINT WARNING * * *
The water moccasin barely misses you. The yak gores you but does no damage.
The water moccasin bites you but does no damage.
The water moccasin closely misses you.
You feel better. The water moccasin bites you!
* * * LOW HITPOINT WARNING * * *
You are lethally poisoned!
The water moccasin poisons you! The yak barely misses you.
The water moccasin completely misses you.
The water moccasin barely misses you.
You feel better.
The water moccasin bites you but does no damage.
The yak gores you.
* * * LOW HITPOINT WARNING * * *
The water moccasin closely misses you.
The water moccasin bites you but does no damage.
You shoot a bolt.
The bolt barely misses the water moccasin.
The water moccasin bites you.
* * * LOW HITPOINT WARNING * * *
The yak barely misses you.
The water moccasin bites you but does no damage.
The water moccasin barely misses you. The yak misses you.
The water moccasin bites you but does no damage.
You shoot a bolt.
The bolt closely misses the water moccasin.
The water moccasin bites you but does no damage.
The water moccasin bites you!
* * * LOW HITPOINT WARNING * * *
The yak gores you but does no damage.
The water moccasin bites you but does no damage.
The water moccasin bites you.
You die...

...............##### ####.##
...................### ##.#
............♣...P.P..## #.#
..............♣.......## #.#
.........#.....♣.♣.....# #.##
#.......##.....♣...P...###
##...
##....###............P...##
#.... ####.#
#........Y.....P..###.### #.#
#..♣...S@S.............## #
#.###.......P...P............
##
#..##........................
:#
#.....P....P...P.............
.#
#..###.P.........♣P..........
## #..#
##.P.................... #
#..## ##....P....##.......... #
###...######.♣...####..####.###
###..........####.####..## #.##


You could see a yak and 2 water moccasins.

Vanquished Creatures
  Pikel (D:4)
  An orc sorcerer (D:9)
  A hornet (D:9)
  7 wyverns
  5 yaks (D:8)
  A basilisk (D:8)
  Eustachio (D:6)
  2 steam dragons (D:8)
  4 water moccasins (D:8)
  A black bear (D:7)
  5 orc warriors
  4 ogres
  3 sky beasts (D:7)
  2 centaurs
  A lemure (D:4)
  3 phantoms
  Blork the orc (D:6)
  6 bullfrogs
  A necrophage (D:3)
  A gnoll sergeant (D:9)
  5 scorpions
  12 wights
  A jelly (D:5)
  8 killer bees
  A howler monkey (D:8)
  3 electric eels
  5 orc priests
  3 hounds
  3 iguanas
  9 orc wizards
  3 gnolls (D:9)
  5 adders
  3 shadow imps
  A white imp (D:6)
  An ufetubus (D:7)
  A worm (D:2)
  A dart slug (D:4)
  26 orcs
  10 ball pythons
  6 endoplasms
  3 giant cockroaches
  7 goblins
  4 hobgoblins
  4 jackals (D:1)
  2 quokkas
  4 bats
  2 frilled lizards
  5 kobolds
  2 rats (D:1)
  A lurking horror (D:3)
192 creatures vanquished.

Vanquished Creatures (others)
  5 fungi (D:8)
  28 plants
  A withered plant (D:2)
34 creatures vanquished.

Grand Total: 226 creatures vanquished

Notes
Turn   | Place    | Note
-------+----------+-------------------------------------------
     0 | D:1      | HoaS the Demigod Hunter began the quest for the Orb.
     0 | D:1      | Reached XP level 1. HP: 17/17 MP: 3/3
   222 | D:1      | Reached skill level 4 in Ranged Weapons
   353 | D:1      | Reached XP level 2. HP: 24/24 MP: 4/4
  1255 | D:2      | Reached XP level 3. HP: 27/29 MP: 5/5
  1954 | D:3      | Identified a scroll of acquirement
  1954 | D:3      | Acquired 448 gold pieces
  2037 | D:3      | Reached skill level 5 in Ranged Weapons
  2070 | D:3      | Found a one-way gate to the infinite horrors of the Abyss.
  2336 | D:3      | Reached XP level 4. HP: 36/36 MP: 6/6
  2614 | D:4      | Noticed a necrophage
  2634 | D:3      | Killed a necrophage
  2713 | D:3      | Reached skill level 6 in Ranged Weapons
  2713 | D:3      | Reached XP level 5. HP: 16/41 MP: 7/7
  2920 | D:4      | Noticed an ogre
  2925 | D:4      | Killed an ogre
  2926 | D:4      | Reached skill level 7 in Ranged Weapons
  2926 | D:4      | Reached XP level 6. HP: 48/48 MP: 8/8
  3085 | D:4      | Found the +7 great mace "Undeadhunter" {deathbane, rN+}
  3095 | D:4      | Noticed Pikel
  3124 | D:4      | Killed Pikel
  3125 | D:4      | Reached skill level 8 in Ranged Weapons
  3125 | D:4      | Reached XP level 7. HP: 30/53 MP: 9/9
  3276 | D:4      | Found Rilyitz's Weapon Shoppe.
  3470 | D:5      | Entered Level 5 of the Dungeon
  3515 | D:5      | Reached skill level 9 in Ranged Weapons
  4011 | D:5      | Reached XP level 8. HP: 60/60 MP: 10/10
  4064 | D:5      | Found a staircase to the Ecumenical Temple.
  4105 | D:5      | Reached skill level 10 in Ranged Weapons
  4317 | D:5      | Acquired 1255 gold pieces
  4519 | D:6      | Noticed Eustachio
  4540 | D:6      | Killed Eustachio
  4789 | D:6      | Noticed Blork the orc
  4800 | D:6      | Killed Blork the orc
  4801 | D:6      | Reached skill level 11 in Ranged Weapons
  5119 | D:7      | Reached XP level 9. HP: 6/67 MP: 3/11
  5354 | D:7      | Reached skill level 12 in Ranged Weapons
  6257 | D:8      | Reached skill level 13 in Ranged Weapons
  7052 | D:8      | Reached skill level 14 in Ranged Weapons
  7151 | D:8      | Reached XP level 10. HP: 32/73 MP: 4/13
  7529 | D:8      | Found a staircase to the Lair.
  8009 | D:9      | Reached skill level 15 in Ranged Weapons
  8054 | D:9      | Paralysed by a hornet for 3 turns
  8307 | D:9      | Found a staircase to the Orcish Mines.
  8728 | Orc:1    | Entered Level 1 of the Orcish Mines
  8728 | Orc:1    | Noticed an orc sorcerer
  8733 | D:9      | Killed an orc sorcerer
  8828 | Orc:2    | Entered Level 2 of the Orcish Mines
  8828 | Orc:2    | Found Puheol's Armour Shop.
  8829 | Orc:2    | Noticed a cyclops
  8831 | Orc:2    | Noticed a two-headed ogre
  8831 | Orc:2    | Noticed an ogre mage
  8831 | Orc:2    | Noticed a two-headed ogre
  8831 | Orc:2    | Noticed a two-headed ogre
  8832 | Orc:2    | Noticed a two-headed ogre
  8957 | Lair:1   | Entered Level 1 of the Lair of Beasts
  8983 | D:8      | HP: 3/73 [water moccasin (7)]
  8983 | D:8      | Slain by a water moccasin

Illustrated notes

Levels and vault maps discovered:
D:1:      wander_arrival_fairy_ring, layout_basic
D:2:      layout_basic, ebering_ecumenical_altar_petrified
D:3:      layout_loops_ring, amcnicky_altar_lugonu_corruption
D:4:      layout_cave_pools, nicolae_gozag_seed_capital,
          nicolae_sif_muna_condensation, serial_shops, kennysheep_mini,
          uniq_pikel
D:5:      wad_pebble_path, layout_basic, mainiacjoe_overflow_six_doors_small,
          nicolae_ashenzari_panopticon, minmay_temple_entry_fiery,
          serial_rivers, chequers_serial_rivers_small_a,
          chequers_serial_rivers_micro_c, chequers_serial_rivers_room_b,
          chequers_serial_rivers_small_a
D:6:      layout_basic, mainiacjoe_overflow_catwalk,
          minmay_large_rounded_square, uniq_eustachio, uniq_blork_the_orc
D:7:      layout_gridville, mainiacjoe_overflow_big_doors,
          nicolae_dithmenos_through_a_glass_darkly, serial_bayou,
          serial_bayou_crossing, serial_bayou_pond_b, serial_bayou_pond_b,
          serial_bayou_pond_e
D:8:      layout_cave_pods, amcnicky_altar_gilded, minmay_lair_entry_grove,
          kennysheep_another_room, kennysheep_cross_room
D:9:      hellmonk_crumbling_castle, layout_gridville, minivault_11
Lair:1:   layout_cave_shapes, serial_bayou_shore_a, grunt_megastairs_2
Orc:1:    layout_caves
Orc:2:    st_orc_open, layout_caves, gauntlet_entry_generic, serial_shops,
          nicolae_shop_hallway_stairs, kennysheep_orc_chapel

Skill      XL: |  1  2  3  4  5  6  7  8  9 10 |
---------------+-------------------------------+-----
Ranged Weapons | 4 5 6 7 8 9 11 14 15 | 15.8
Fighting       | |  1.7
Dodging        | |  1.7
Stealth        | |  0.8

Action                     |  1- 3 |  4- 6 |  7- 9 | 10-12 || total
---------------------------+-------+-------+-------+-------++-------
   Fire: Shortbow          |   119 |    86 |   368 |   111 ||   684
         Arbalest          |       |       |       |    39 ||    39
    Use: Scroll            |     6 |     1 |     8 |     5 ||    20
         Potion            |       |       |     1 |     5 ||     6
 Armour: Leather armour    |    16 |     8 |    69 |       ||    93
         Steam dragon scal |       |       |       |    32 ||    32
  Dodge: Dodged            |    30 |    35 |   127 |    66 ||   258

Table legend: (Time is in decaauts)
 A = Elapsed time spent in this place.
 B = Non-inter-level travel time spent in this place.
 C = Inter-level travel time spent in this place.
 D = Time resting spent in this place.
 E = Time spent auto-exploring this place.
 F = Levels seen in this place.
 G = Mean time per level.
                   A        B        C        D        E       F      G
               +--------+--------+--------+--------+--------+-----+--------+
         Total |   9043 |   8776 |    267 |   1861 |   5548 |  12 |  753.6 |
       Dungeon |   8858 |   8602 |    256 |   1804 |   5481 |   9 |  984.2 |
          Lair |      7 |      7 |      0 |      0 |      0 |   1 |    7.0 |
  Orcish Mines |    177 |    167 |     10 |     57 |     67 |   2 |   88.5 |
               +--------+--------+--------+--------+--------+-----+--------+

Top non-repeatable levels by time:
     D:8: 1627 daAuts
     D:7: 1328 daAuts
     D:1: 1243 daAuts
     D:3: 871 daAuts
     D:5: 864 daAuts
     D:9: 841 daAuts
     D:2: 737 daAuts
     D:4: 676 daAuts
     D:6: 667 daAuts
   Orc:1: 171 daAuts
  Lair:1: 7 daAuts
   Orc:2: 5 daAuts
